 Dungeon Crawl Stone Soup version 0.30.0 (webtiles) character file.

Game seed: 8235480046440589488

342 bonscott the Magician (level 6, -7/47 HPs)
             Began as a Djinni Hedge Wizard on Jan 14, 2024.
             Shot with a bolt by an orc warrior (11 damage)
             ... on level 4 of the Dungeon.
             The game lasted 00:22:59 (3726 turns).

bonscott the Magician (Djinni Hedge Wizard)         Turns: 3726, Time: 00:22:59

Health: -7/47      AC:  4    Str:  9    XL:     6   Next: 88%
Gold:   176        EV: 12    Int: 18    God:
                   SH:  0    Dex: 12

rFire   + + .        v - +0 short sword (venom)
rCold   . . .        (no shield)
rNeg    . . .        b - +0 robe
rPois   ∞            c - +1 hat
rElec   .            y - +0 cloak
rCorr   .            (no gloves)
SInv    .            (boots unavailable)
Will    .....        (no amulet)
Stlth   ++           z - ring of protection from cold
HPRegen 0.27/turn    (no ring)
MPRegen 0.00/turn

%: infuse magic (-8 HP)
@: flying
A: sickness immunity, fire resistance 2, cold vulnerability 1, float, innate
caster, HP casting, extra vitality 1
a: no special abilities


You were on level 4 of the Dungeon.
You visited 1 branch of the dungeon, and saw 5 of its levels.

You collected 176 gold pieces.

Inventory:

Hand Weapons
 a - a +0 dagger
 i - a +1 sling
 s - a +3 hand axe
 t - a +1 dagger of speed
 v - a +0 short sword of venom (weapon)
 x - a +4 quarterstaff of chaos
Missiles
 g - 41 stones
Armour
 b - a +0 robe (worn)
 c - a +1 hat (worn)
 e - a +0 ring mail
 r - a +0 leather armour
 y - a +0 cloak (worn)
Jewellery
 z - a ring of protection from cold (left hand)
Scrolls
 d - a scroll of enchant weapon
 f - a scroll of enchant armour
 h - a scroll of fog
 j - a scroll of noise {unknown}
 k - 2 scrolls of teleportation {unknown}
 p - a scroll of identify {unknown}
 q - a scroll of amnesia {unknown}
Potions
 l - a potion of lignification {unknown}
 m - a potion of berserk rage {unknown}
 n - 2 potions of curing
 o - a potion of heal wounds {unknown}
 u - a potion of cancellation {unknown}
 w - a potion of brilliance {unknown}


   Skills:
 + Level 3.9 Fighting
 + Level 2.3 Armour
 - Level 2.1 Dodging
 - Level 1.5 Stealth
 + Level 4.0 Spellcasting


You knew the following spells:

 Your Spells              Type           Power      Damage    Failure   Level
a - Magic Dart            Conj           72%        1d6       2%          1
b - Sting                 Tmut/Pois      72%        1d6       2%          1
c - Mephitic Cloud        Conj/Pois/Air  18%        N/A       9%          3
d - Call Imp              Summ           36%        N/A       4%          2
l - Slow                  Hex            72%        N/A       2%          1
q - Blink                 Tloc           36%        N/A       4%          2
w - Wereblood             Tmut           18%        N/A       4%          2
Your spell library was empty.

Dungeon Overview and Level Annotations

Branches:
Dungeon (5/15)
 Temple: D:4-7

Altars:
Elyvilon
Zin
The Shining One

Shops:
D:3 (

Annotations:
D:3 thelochok's ghost, amateur DEAE


Innate Abilities, Weirdness & Mutations

You are immune to sickness and miasma.
You are immune to poison.
Your flesh is very heat resistant. (rF++)
You are vulnerable to cold. (rC-)
You float through the air rather than walking.
You learn spells naturally, not from books.
Your magical power is your life essence.
You have superior vitality. (+4 MHP)


Message History

Found a scroll labelled LEATWIRUON.
There is a stone staircase leading down here.
The magic dart hits the giant cockroach.
The giant cockroach is moderately wounded.
You can't go up here!
The orc warrior shoots a bolt.
The bolt closely misses you. The giant cockroach bites you.
You fly downwards.
The gnoll shouts! x3
There is a stone staircase leading up here.
Unknown command.
The giant cockroach closely misses you. The gnoll barely misses you.
The gnoll closely misses you.
You fly upwards.
There is a stone staircase leading down here.
The gnoll hits you with a +0 spear. The gnoll barely misses you.
The gnoll barely misses you.
The gnoll hits you from afar with a +0 spear.
The giant cockroach bites you but does no damage.
Casting: Magic Dart (safe; 2% risk of failure)
Confirm with . or Enter, or press ? or * to list all spells.
A tiny devil pulls itself out of the air.
The orc warrior shoots a bolt.
The bolt hits your cerulean imp!
Your cerulean imp dies!
Your cerulean imp disappears in a puff of smoke!
The giant cockroach closely misses you. The gnoll hits you with a +0 flail!
The gnoll completely misses you. The gnoll attacks as you move away!
The gnoll hits you with a +0 flail!
The orc warrior shoots a bolt.
The bolt hits you!
* * * LOW HITPOINT WARNING * * *
You hear a shout!
Unknown command.
Unknown command.
The gnoll attacks as you move away! The gnoll closely misses you.
The orc warrior shoots a bolt.
The bolt misses you.
You hear a shout!
The giant cockroach attacks as you move away!
The giant cockroach bites you but does no damage.
The orc warrior shoots a bolt.
The bolt hits you!
You die...

#.........##
....##.##<##
####......#
##....##..#
#......o.##
##.##..§#.#
#...#§..#.##
#..#.g.§>.#
#.@B§g...#
##.......#
#....#####
....?.##
..#...## #
##.## ##


You could see an orc warrior, a gnoll and a giant cockroach.

Vanquished Creatures
  Crazy Yiuf (D:3)
  Robin (D:3)
  10 adders
  A gnoll (D:1)
  3 river rats (D:3)
  A worm (D:2)
  A dart slug (D:3)
  6 orcs
  4 ball pythons
  4 endoplasms
  A giant cockroach (D:1)
  9 hobgoblins
  10 jackals
  5 kobolds
  3 quokkas
  3 bats
  3 frilled lizards
  11 goblins
  6 rats
83 creatures vanquished.

Vanquished Creatures (collateral kills)
  Jessica (D:3)
  A river rat (D:3)
  An adder (D:3)
  2 endoplasms
  A jackal (D:3)
  2 quokkas (D:3)
  A frilled lizard (D:1)
  A kobold (D:1)
  2 rats
12 creatures vanquished.

Vanquished Creatures (others)
  An orc priest (D:3)
  A fungus (D:3)
  5 plants (D:3)
7 creatures vanquished.

Grand Total: 102 creatures vanquished

Notes
Turn   | Place    | Note
-------+----------+-------------------------------------------
     0 | D:1      | bonscott the Djinni Hedge Wizard began the quest for the
                  | Orb.
     0 | D:1      | bonscott set off with the following spells memorised: Magic
                  | Dart, Slow, Blink, Call Imp, Mephitic Cloud.
     0 | D:1      | Reached XP level 1. HP: 15/15 MP: 0/0
   122 | D:1      | Reached XP level 2. HP: 20/22 MP: 0/0
   136 | D:1      | Reached skill level 1 in Fighting
   220 | D:1      | Reached XP level 3. HP: 20/27 MP: 0/0
   220 | D:1      | Learned a level 1 spell: Sting
   501 | D:1      | Reached skill level 3 in Spellcasting
   994 | D:2      | Reached XP level 4. HP: 25/33 MP: 0/0
  1705 | D:3      | Noticed Robin
  1750 | D:3      | Found Viacuv's Antique Weapon Boutique.
  1837 | D:2      | Reached XP level 5. HP: 36/40 MP: 0/0
  1837 | D:2      | Learned a level 2 spell: Wereblood
  2371 | D:3      | Found a glowing golden altar of the Shining One.
  2373 | D:3      | Found a white marble altar of Elyvilon.
  2375 | D:3      | Found a glowing silver altar of Zin.
  2592 | D:3      | Reached skill level 1 in Armour
  2776 | D:3      | Reached XP level 6. HP: 26/46 MP: 0/0
  2932 | D:3      | Noticed Jessica
  2940 | D:3      | Killed Jessica
  3043 | D:3      | Found a faded altar of an unknown god.
  3095 | D:3      | Found a runed translucent gate.
  3095 | D:3      | Found a runed translucent gate.
  3095 | D:3      | Found a runed translucent gate.
  3106 | D:3      | Noticed thelochok's ghost (amateur DEAE)
  3175 | D:3      | Killed Robin
  3340 | D:3      | Found a runed translucent door.
  3341 | D:3      | Noticed Crazy Yiuf
  3372 | D:3      | Killed Crazy Yiuf
  3373 | D:3      | Reached skill level 4 in Spellcasting
  3698 | D:4      | Noticed an orc warrior
  3718 | D:5      | Entered Level 5 of the Dungeon
  3726 | D:4      | Shot with a bolt by an orc warrior

Illustrated notes

Levels and vault maps discovered:
D:1:      roderic_dead_forest, layout_rooms, minmay_pentomino_w4
D:2:      layout_loops_corners, kennysheep_generic_room_3
D:3:      layout_rooms, good_gods_mini_temple, serial_shops,
          nicolae_shop_overgrown_old_shop, serial_curves, eino_curves_01,
          eino_curves_01, gammafunk_ghost_split,
          shapermc_ecumenical_altar_pompeii, lightli_sewer_entry_pipes,
          uniq_robin, uniq_crazy_yiuf_cottage, uniq_jessica
D:4:      layout_cave_pools, mainiacjoe_overflow_two_lobes, uniq_blork_the_orc,
          uniq_menkaure, uniq_sigmund, uniq_duvessa
D:5:      layout_gridville, minmay_temple_entry_junction,
          gammafunk_ghost_cemetery, amethyst_killhole,
          minmay_large_rounded_square, grunt_ministairs_5

Skill      XL: |  1  2  3  4  5  6 |
---------------+-------------------+-----
Fighting       | 1 2 3 |  3.9
Spellcasting   | 3 4 |  4.0
Armour         | 1 2 |  2.3
Dodging        | |  2.1
Stealth        | |  1.5

Action                     |  1- 3 |  4- 6 || total
---------------------------+-------+-------++-------
  Melee: Hand axe          |       |     9 ||     9
         Short sword       |       |    25 ||    25
         Punch             |       |     1 ||     1
   Fire: Sling             |     9 |    13 ||    22
   Cast: Magic Dart        |    52 |    59 ||   111
         Sting             |     9 |    72 ||    81
         Call Imp          |     1 |    17 ||    18
         Mephitic Cloud    |       |    10 ||    10
    Use: Scroll            |     2 |     1 ||     3
         Potion            |       |     1 ||     1
   Stab: Sleeping          |       |     1 ||     1
         Confused          |       |     2 ||     2
 Armour: Robe              |     4 |    28 ||    32
  Dodge: Dodged            |    13 |    83 ||    96
